 Dungeon Crawl Stone Soup version 0.23.2-1-ga50397a (webtiles) character file.

Game seed: 17543595236965726450

29 Iscandelvey the Vexing (level 3, 26/26 HPs)
             Began as a Demonspawn Arcane Marksman on Apr 17, 2019.
             Quit the game on level 2 of the Dungeon.
             The game lasted 00:00:40 (548 turns).

Iscandelvey the Vexing (Demonspawn Arcane Marksman)  Turns: 548, Time: 00:00:41

Health: 26/26      AC:  2    Str: 10    XL:     3   Next: 1%
Magic:  4/4        EV: 12    Int: 15    God:
Gold:   72         SH:  0    Dex: 15    Spells: 3/4 levels left

rFire    . . .     SeeInvis .   a - +0 hand crossbow
rCold    . . .     Gourm    .   (no shield)
rNeg     . . .     Faith    .   e - +0 robe
rPois    .         Spirit   .   (no helmet)
rElec    .         Reflect  .   (no cloak)
rCorr    .         Harm     .   (no gloves)
MR       .....                  (no boots)
Stlth    ++........             (no amulet)
HPRegen  0.08/turn              (no ring)
MPRegen  0.09/turn              (no ring)

@: no status effects
A: talons 1, thin skeletal structure 1
a: no special abilities


You were on level 2 of the Dungeon.
You were not hungry.

You visited 1 branch of the dungeon, and saw 2 of its levels.

You collected 72 gold pieces.

Inventory:

Hand Weapons
 a - a +0 hand crossbow (weapon)
Missiles
 d - 11 bolts (quivered)
Armour
 e - a +0 robe (worn)
Scrolls
 b - 4 scrolls of identify {unknown}
 g - a scroll of remove curse {unknown}
Potions
 c - a potion of might {unknown}
Comestibles
 f - 6 rations


   Skills:
 + Level 1.1 Fighting
 + Level 2.4 Crossbows
 + Level 2.0 Dodging
 + Level 1.0 Spellcasting
 + Level 3.5 Hexes


You had 3 spell levels left.
You knew the following spells:

 Your Spells              Type           Power        Failure   Level  Hunger
a - Corona                Hex            ##.....      6%          1    ##.....

Your spell library contained the following spells:

 Spells                   Type           Power        Failure   Level  Hunger
 Slow                     Hex            ##......     9%          2    ###....
 Inner Flame              Hex/Fire       #.......     34%         3    ####...
 Portal Projectile        Hex/Tloc       #.....       34%         3    ####...
 Cause Fear               Hex            ##........   50%         4    #####..
 Leda's Liquefaction      Hex/Erth       #.........   75%         4    #####..


Dungeon Overview and Level Annotations

Branches:
Dungeon (2/15)

Altars:


Innate Abilities, Weirdness & Mutations

You have sharp toenails.
You have a somewhat thin skeletal structure. (Dex +2, Stealth)


Message History

Aim: a quokka (resting)
You shoot a bolt. The bolt hits the quokka.
You kill the quokka!
d - 12 bolts (gained 1)
You see here a quokka corpse.
The hobgoblin shouts!
The hobgoblin is too close now for your liking.
Firing (i - inventory)
d - 12 bolts (quivered)
Press: ? - help, Shift-Dir - straight line, f - hobgoblin
Aim: a hobgoblin, wielding a +0 club You shoot a bolt.
The bolt hits the hobgoblin!
You kill the hobgoblin!
You hear a splash.
You have reached level 3!
Your experience leads to an increase in your attributes!
Increase (S)trength, (I)ntelligence, or (D)exterity?
You feel clever.
Your demonic ancestry asserts itself...
Your toenails lengthen and sharpen.
You hear a splash.
Are you sure you want to abandon this character and quit the game? (Confirm with "yes".)

#......# ≈≈♣≈≈≈≈
#......## P≈P≈≈≈≈
#######<###≈≈g≈P≈≈
#########.....≈≈≈≈≈≈
#.........####♣≈≈≈♣≈
#.#######.# ≈≈≈♣ #.#
#.# (P≈
#.##############.≈≈♣#
#.##.....†...@.......
#.##.############.###
#.##.# #.##.# #.##.#
#...(# ######


There were no monsters in sight!

Vanquished Creatures
  A worm (D:1)
  2 dart slugs (D:1)
  3 bats (D:1)
  2 goblins (D:1)
  4 hobgoblins
  3 kobolds
  A quokka (D:2)
  3 frilled lizards (D:1)
  4 rats (D:1)
23 creatures vanquished.

Notes
Turn   | Place    | Note
-------+----------+-------------------------------------------
     0 | D:1      | Iscandelvey the Demonspawn Arcane Marksman began the quest
                  | for the Orb.
     0 | D:1      | Reached XP level 1. HP: 15/15 MP: 2/2
   110 | D:1      | Gained mutation: You have a somewhat thin skeletal
                  | structure. (Dex +2, Stealth) [demonic ancestry]
   110 | D:1      | Reached XP level 2. HP: 15/21 MP: 3/3
   547 | D:2      | Gained mutation: You have sharp toenails. [demonic
                  | ancestry]
   547 | D:2      | Reached XP level 3. HP: 26/26 MP: 4/4
   548 | D:2      | Quit the game

Skill      XL: |  1  2 |
---------------+-------+-----
Dodging        | 2 |  2.0
Crossbows      | 2 |  2.4
Fighting       | |  1.1
Spellcasting   | |  1.0
Hexes          | |  3.5

Action                   || total
-------------------------++-------
 Fire: Hand crossbow     ||    52
Armor: Robe              ||     1
Dodge: Dodged            ||     6
